 Dungeon Crawl Stone Soup version 0.22.1-2-g9c5b331 (webtiles) character file.

55 colophon the Sneak (level 4, -4/25 HPs)
             Began as a Kobold Enchanter on Dec 16, 2018.
             Slain by an adder (5 damage)
             ... on level 2 of the Dungeon.
             The game lasted 00:12:58 (2414 turns).

colophon the Sneak (Kobold Enchanter)               Turns: 2414, Time: 00:12:59

Health: -4/25      AC:  3    Str:  5    XL:     4   Next: 14%
Magic:  1/7        EV: 16    Int: 16    God:
Gold:   114        SH:  0    Dex: 16    Spells: 4/7 levels left

rFire    . . .     SeeInvis .   a - +1 dagger
rCold    . . .     Gourm    .   (shield restricted)
rNeg     . . .     Faith    .   b - +0 robe
rPois    .         Spirit   .   l - +0 helmet
rElec    .         Reflect  .   (no cloak)
rCorr    .         Harm     .   (no gloves)
MR       .....                  (no boots)
Stlth    +++.......             (no amulet)
HPRegen  0.08/turn              (no ring)
MPRegen  0.10/turn              (no ring)

@: lethally poisoned (-4 -> -11)
A: small, carnivore
a: no special abilities


You were on level 2 of the Dungeon.
You were very full.

You visited 1 branch of the dungeon, and saw 2 of its levels.

You collected 114 gold pieces.

Inventory:

Hand Weapons
 a - a +1 dagger (weapon)
Missiles
 c - 17 bolts
Armour
 b - a +0 robe (worn)
 l - a +0 helmet (worn)
Jewellery
 h - a cursed ring of attention {unknown}
 i - an uncursed amulet of faith {unknown}
Scrolls
 e - a scroll of identify
 f - a scroll of teleportation
 g - a scroll of enchant weapon {unknown}
 k - a scroll of remove curse {unknown}
Comestibles
 d - 4 rations
 j - a chunk of flesh


   Skills:
 + Level 1.2 Fighting
 + Level 2.1 Short Blades
 + Level 3.0 Dodging
 + Level 4.9 Stealth
 - Level 2.2 Spellcasting
 + Level 3.3 Hexes


You had 4 spell levels left.
You knew the following spells:

 Your Spells              Type           Power        Failure   Level  Hunger
a - Corona                Hex            ##.....      4%          1    #......
b - Ensorcelled Hibernat  Hex/Ice        #.....       16%         2    ###....

Your spell library contained the following spells:

 Spells                   Type           Power        Failure   Level  Hunger
 Confuse                  Hex            ##......     16%         3    ###....
 Tukima's Dance           Hex            ##......     16%         3    ###....
 Dazzling Spray           Conj/Hex       #.....       30%         3    ###....


Dungeon Overview and Level Annotations

Branches:
Dungeon (2/15)

Altars:
Cheibriados


Innate Abilities, Weirdness & Mutations

You are small and have problems with some larger weapons.
You are carnivorous and can eat meat at any time.


Message History

You closely miss the adder.
The adder is almost dead.
The adder barely misses you. The adder completely misses you.
You hit the adder.
The adder is almost dead.
* * * LOW HITPOINT WARNING * * *
You feel sick. The adder bites you.
* * * LOW HITPOINT WARNING * * *
You aren't carrying any potions.
You barely miss the adder.
The adder is almost dead.
The adder misses you.
You barely miss the adder.
The adder is almost dead.
* * * LOW HITPOINT WARNING * * *
You feel sick. The adder closely misses you.
You barely miss the adder.
The adder is almost dead.
The adder bites you.
You die...

#### #.#################.# ...#
#.# #.# ...#########.# #.#
..w#.........# #.#
.............# #.#
...#........?# #.#
...#...r.....# #.#
...#...w.%...#################.#
.###..........lS@.........)....#
.# #..........##################
.# #..........# ## #..........#
######.####..# ...### # #..#
#......####..## #..#[.........#
##..#.######...#


You could see an adder and a frilled lizard.

Vanquished Creatures
  An adder (D:2)
  4 dart slugs
  A leopard gecko (D:2)
  An orc (D:2)
  A ball python (D:2)
  2 giant cockroaches (D:1)
  5 goblins
  4 hobgoblins
  4 bats
  4 frilled lizards (D:1)
  9 kobolds
  A rat (D:1)
37 creatures vanquished.

Notes
Turn   | Place    | Note
-------+----------+-------------------------------------------
     0 | D:1      | colophon the Kobold Enchanter began the quest for the Orb.
     0 | D:1      | Reached XP level 1. HP: 10/10 MP: 3/3
   189 | D:1      | Reached XP level 2. HP: 15/15 MP: 5/5
   193 | D:1      | Learned a level 2 spell: Ensorcelled Hibernation
   843 | D:1      | Reached XP level 3. HP: 20/20 MP: 6/6
  1891 | D:2      | Reached skill level 1 in Fighting
  2199 | D:2      | Reached XP level 4. HP: 25/25 MP: 2/7
  2316 | D:2      | Found a snail-covered altar of Cheibriados.
  2411 | D:2      | HP: 1/25 [adder (2)]
  2414 | D:2      | Slain by an adder

Skill      XL: |  1  2  3 |
---------------+----------+-----
Short Blades   | 2 |  2.1
Fighting       | 1 |  1.2
Dodging        | 3 |  3.0
Stealth        | |  4.9
Spellcasting   | |  2.2
Hexes          | |  3.3

Action                   |  1- 3 |  4- 6 || total
-------------------------+-------+-------++-------
Melee: Dagger            |    91 |    28 ||   119
 Cast: Corona            |     8 |       ||     8
       Ensorcelled Hiber |    25 |     7 ||    32
  Use: Scroll            |     2 |       ||     2
       Potion            |     1 |       ||     1
 Stab: Sleeping          |    20 |     4 ||    24
  Eat: Chunk             |    14 |     1 ||    15
Armor: Robe              |    29 |     1 ||    30
Dodge: Dodged            |   111 |    24 ||   135
